 Dungeon Crawl Stone Soup version 0.30.1-11-g7821555f0a (webtiles) character file.

Game seed: 16508787231988595338

39 comborobin the Chopper (level 3, 0/31 HPs)
             Began as a Minotaur Delver on Nov 16, 2023.
             Succumbed to an adder's poison
             ... on level 5 of the Dungeon.
             The game lasted 00:00:17 (53 turns).

comborobin the Chopper (Minotaur Delver)              Turns: 53, Time: 00:00:17

Health: 0/31       AC:  5    Str: 15    XL:     3   Next: 26%
Magic:  2/2        EV: 11    Int:  6    God:
Gold:   0          SH:  0    Dex: 17    Spells: 2/2 levels left

rFire   . . .        a - +0 hand axe
rCold   . . .        (no shield)
rNeg    . . .        h - +0 ring mail
rPois   .            (helmet restricted)
rElec   .            (no cloak)
rCorr   .            (no gloves)
SInv    .            (no boots)
Will    .....        (no amulet)
Stlth   ++           (no ring)
HPRegen 0.25/turn    (no ring)
MPRegen 0.08/turn

%: no passive effects
@: lethally poisoned (0 -> -1), hasted, very quick
A: horns 2, retaliatory headbutt, fangs 1, talons 1, agile 1
a: no special abilities


You were on level 5 of the Dungeon.
You visited 1 branch of the dungeon, and saw 1 of its levels.

Inventory:

Hand Weapons
 a - a +0 hand axe (weapon)
Armour
 b - a +0 leather armour
 h - a +0 ring mail (worn)
Wands
 g - a wand of digging (3)
Scrolls
 c - a scroll of fog
 d - a scroll of magic mapping
 e - a scroll of fear


   Skills:
 - Level 3.6 Fighting
 + Level 4.5 Axes
 - Level 2.1 Dodging
 - Level 4.1 Stealth


You had 2 spell levels left.
You didn't know any spells.
Your spell library was empty.

Dungeon Overview and Level Annotations

Branches:
Dungeon (5/15)
 Temple: D:4-7

Altars:


Innate Abilities, Weirdness & Mutations

You have a pair of horns on your head.
You reflexively headbutt those who attack you in melee.
You have very sharp teeth.
You have sharp toenails.
You are agile. (Dex +4, Str/Int -1)


Message History

Your toenails lengthen and sharpen.
Your teeth lengthen and sharpen.
You feel agile. The adder barely misses you.
You miss the adder. You claw the adder. Your headbutt misses the adder.
The adder is lightly wounded.
The adder closely misses you.
You completely miss the adder. Your kick misses the adder.
Your headbutt misses the adder.
The adder is lightly wounded.
The adder bites you.
You are poisoned.
The adder poisons you!
You closely miss the adder. Your kick misses the adder.
The adder is lightly wounded.
You feel sick. The adder bites you.
* * * LOW HITPOINT WARNING * * *
You are lethally poisoned!
The adder poisons you!
You barely miss the adder.
* * * LOW HITPOINT WARNING * * *
You feel sick. The adder bites you but does no damage.
You hit the adder.
The adder is moderately wounded.
* * * LOW HITPOINT WARNING * * *
You feel sick. The adder misses you.
You hit the adder.
The adder is heavily wounded.
* * * LOW HITPOINT WARNING * * *
You feel sick. The adder bites you but does no damage.
You closely miss the adder. You headbutt the adder.
You kill the adder!
* * * LOW HITPOINT WARNING * * *
You feel sick.
* * * LOW HITPOINT WARNING * * *
You feel sick.
* * * LOW HITPOINT WARNING * * *
You feel sick.
* * * LOW HITPOINT WARNING * * *
You feel sick.
You die...

#...# .# #...##.
..... #...# # #...#
##.# #...# ...
######...##.##.#
..####.........$....#
.......>.†...@......#
..####.............##
######...##.### #...#
.. #...# ## #...#
##...#### #.......#
##...##.#


There were no monsters in sight!

Vanquished Creatures
  A hound (D:5)
  An adder (D:5)
2 creatures vanquished.

Notes
Turn   | Place    | Note
-------+----------+-------------------------------------------
     0 | D:5      | comborobin the Minotaur Delver began the quest for the Orb.
     0 | D:5      | Reached XP level 1. HP: 19/19 MP: 0/0
     5 | D:5      | Noticed a hound
    19 | D:5      | Killed a hound
    20 | D:5      | Reached XP level 2. HP: 9/26 MP: 1/1
    20 | D:5      | Reached XP level 3. HP: 11/31 MP: 2/2
    41 | D:5      | Gained mutation: You have sharp toenails. [potion of
                  | mutation]
    41 | D:5      | Gained mutation: You have very sharp teeth. [potion of
                  | mutation]
    41 | D:5      | Gained mutation: You are agile. (Dex +4, Str/Int -1)
                  | [potion of mutation]
    52 | D:5      | HP: 1/31 [poisoned by an adder]
    53 | D:5      | Succumbed to an adder's poison

Illustrated notes

Levels and vault maps discovered:
D:5:      old_forge, layout_loops_cross,
          pdpol_temple_overflow_zin_treasury_gozag_greed

Skill      XL: |  1 |
---------------+----+-----
Axes           | 4 |  4.5
Fighting       | |  3.6
Dodging        | |  2.1
Stealth        | |  4.1

Action                     || total
---------------------------++-------
  Melee: Hand axe          ||    12
         Headbutt          ||     3
         Kick              ||     1
    Use: Potion            ||     2
 Armour: Ring mail         ||     2
  Dodge: Dodged            ||     5
